 Dungeon Crawl Stone Soup version 0.26-a0-971-g1d9d62bb61 (webtiles) character file.

Game seed: 193015695462596444

503706 dickylongcocking the Shapeless Spriggan (level 23, -1/179 HPs)
             Began as a Spriggan Venom Mage on Dec 4, 2020.
             Was the Champion of Makhleb.
             Killed from afar by Margery (25 damage)
             ... with a bolt of fire
             ... on level 2 of the Crypt.
             The game lasted 01:48:54 (68495 turns).

dickylongcocking the Shapeless Spriggan (SpVM)     Turns: 68495, Time: 01:48:54

Health: -1/179     AC: 32    Str:  4    XL:     23   Next: 80%
Magic:  1/43       EV: 31    Int: 28    God:    Makhleb [******]
Gold:   5880       SH: 11    Dex: 17    Spells: 0/52 levels left

rFire    + . .     SeeInvis +   M - +9 sacred scourge (holy)
rCold    + + .     Faith    .   N - +3 warlock's mirror {reflect}
rNeg     + . .     Spirit   .   (armour currently unavailable)
rPois    ∞         Reflect  +   n - +2 hat
rElec    +         Harm     .   a - scarf {rC+ rF+}
rCorr    .         Rampage  .   (gloves unavailable)
MR       ++++.                  (boots unavailable)
Stlth    +++++.....             c - amulet of regeneration
HPRegen  0.79/turn              B - +4 ring of slaying
MPRegen  0.28/turn              v - ring of the Raven {rC+ Int+4}

@: about to teleport, statue-form, very slightly contaminated, very slow
A: very small, unfitting armour, see invisible, blink, clumsy 1, sense
surroundings 1, robust 1
}: 3/15 runes: barnacled, silver, gossamer
a: End Transformation, Blink, Minor Destruction, Lesser Servant of Makhleb,
Major Destruction, Greater Servant of Makhleb, Renounce Religion


You were on level 2 of the Crypt.
You worshipped Makhleb.
Makhleb was exalted by your worship.
You were a stone statue.
You visited 8 branches of the dungeon, and saw 41 of its levels.
You also visited: Ice Cave.

You collected 8312 gold pieces.
You spent 2432 gold pieces at shops.

Inventory:

Hand Weapons
 M - a +9 sacred scourge of holy wrath (weapon)
 S - the +8 whip "Snakebite" {curare, rPois}
   (You found it on level 4 of the Lair of Beasts)

   It poisons the flesh of those it strikes.
   It protects you from poison.
Armour
 a - a scarf of resistance (worn)
 n - a +2 hat (worn)
 N - the +3 warlock's mirror (worn) {reflect}
   (You acquired it on level 2 of the Orcish Mines)
 Q - a +2 robe of resistance (melded)
Jewellery
 c - an amulet of regeneration (around neck)
 f - an uncursed ring of resist corrosion
 v - the ring of the Raven (right hand) {rC+ Int+4}
   (You bought it in a shop on level 1 of the Elven Halls)

   [ring of protection from cold]

   It affects your intelligence (+4).
   It protects you from cold.
 x - an uncursed amulet of magic regeneration
 y - an uncursed ring of fire
 B - a +4 ring of slaying (left hand)
 G - an uncursed ring of protection from magic
 Z - an uncursed ring of protection from cold
Wands
 j - a wand of flame (107)
 o - a wand of iceblast (48)
 z - a wand of disintegration (18)
 C - a wand of paralysis (18)
 D - a wand of enslavement (14)
 F - a wand of digging (3)
Scrolls
 b - 7 scrolls of immolation
 d - 25 scrolls of remove curse
 e - 25 scrolls of teleportation
 h - a scroll of enchant armour
 i - 7 scrolls of fog
 q - 19 scrolls of identify
 A - 10 scrolls of amnesia
 O - 6 scrolls of magic mapping
 T - 8 scrolls of fear
 U - 2 scrolls of silence
Potions
 g - 21 potions of curing
 p - 4 potions of brilliance
 r - 6 potions of might
 s - 2 potions of resistance
 w - 4 potions of berserk rage
 E - 3 potions of flight
 H - 2 potions of mutation
 J - 7 potions of haste
 L - 2 potions of invisibility
 R - a potion of cancellation
 V - 6 potions of ambrosia
Miscellaneous
 l - a lightning rod (4/4)
 X - a phantom mirror
 Y - a condenser vane


   Skills:
 * Level 15.2 Fighting
 - Level 3.8 Short Blades
 * Level 10.9 Maces & Flails
 - Level 15.0 Dodging
 - Level 12.0 Stealth
 - Level 7.2 Shields
 - Level 15.0 Spellcasting
 - Level 16.5 Hexes
 * Level 3.4 Necromancy
 - Level 3.0 Translocations
 O Level 27 Transmutations
 - Level 1.5 Fire Magic
 - Level 2.4 Air Magic
 - Level 9.5 Earth Magic
 - Level 8.5 Poison Magic
 - Level 6.5 Evocations


You couldn't memorise any spells.
You knew the following spells:

 Your Spells              Type           Power        Failure   Level
a - Sting                 Tmut/Pois      ####         0%          1
b - Blink                 Tloc           N/A          1%          2
c - Eringya's Noxious Bo  Tmut/Pois      #######...   1%          6
d - Olgreb's Toxic Radia  Pois           ######..     1%          4
e - Invisibility          Hex            #######.     1%          6
f - Necromutation         Tmut/Necr      #######...   30%         8
g - Alistair's Intoxicat  Tmut/Pois      #######..    1%          5
h - Apportation           Tloc           #####.       1%          1
i - Ignite Poison         Fire/Tmut/Pois ######..     1%          3
j - Lee's Rapid Deconstr  Erth           ######....   1%          5
r - Irradiate             Conj/Tmut      #######...   1%          5
z - Statue Form           Tmut/Erth      #######..    1%          6

Your spell library contained the following spells:

 Spells                   Type           Power        Failure   Level
 Beastly Appendage        Tmut           ######       0%          1
 Passwall                 Tmut/Erth      #######.     0%          2
 Slow                     Hex            #######.     0%          2
 Wereblood                Tmut           ########     0%          2
 Confusing Touch          Hex            #######.     0%          3
 Spider Form              Tmut/Pois      #######...   0%          3
 Tukima's Dance           Hex            #######.     0%          3
 Petrify                  Tmut/Erth      #######.     0%          4
 Blade Hands              Tmut           ########..   0%          5
 Yara's Violent Unravell  Hex/Tmut       #######...   0%          5
 Hydra Form               Tmut           ########..   0%          6
 Animate Skeleton         Necr           #####.       1%          1
 Sandblast                Erth           ######       1%          1
 Ensorcelled Hibernation  Hex/Ice        ######       1%          2
 Poisonous Vapours        Pois/Air       ######       1%          2
 Sublimation of Blood     Necr           #####.....   1%          2
 Swiftness                Air            ####....     1%          2
 Dazzling Flash           Conj/Hex       ######       1%          3
 Gell's Gravitas          Tloc           #####.....   1%          3
 Lesser Beckoning         Tloc           #####.....   1%          3
 Mephitic Cloud           Conj/Pois/Air  #####...     1%          3
 Stone Arrow              Conj/Erth      #####.       1%          3
 Summon Guardian Golem    Hex/Summ       ######..     1%          3
 Fulminant Prism          Conj/Hex       ######....   1%          4
 Ice Form                 Ice/Tmut       #######.     1%          4
 Leda's Liquefaction      Hex/Erth       #######...   1%          4
 Dragon Form              Tmut           ########..   1%          7
 Magic Dart               Conj           ###.         2%          1
 Summon Small Mammal      Summ           ###.         2%          1
 Metabolic Englaciation   Hex/Ice        ######....   2%          5
 Call Imp                 Summ           ###.....     3%          2
 Searing Ray              Conj           ###...       3%          2
 Static Discharge         Conj/Air       ####....     4%          3
 Borgnjor's Vile Clutch   Necr/Erth      ######....   4%          5
 Conjure Flame            Conj/Fire      ####....     5%          3
 Animate Dead             Necr           #####.....   6%          4
 Dispel Undead            Necr           #####...     6%          4
 Call Canine Familiar     Summ           ###.....     7%          3
 Passage of Golubria      Tloc           N/A          7%          4
 Iskenderun's Mystic Bla  Conj/Tloc      ####....     13%         4
 Summon Lightning Spire   Summ/Air       ####....     14%         4
 Bolt of Magma            Conj/Fire/Erth #####.....   14%         5
 Agony                    Necr           #####...     16%         5
 Discord                  Hex            #######...   19%         8
 Summon Ice Beast         Ice/Summ       ###.....     24%         4
 Lightning Bolt           Conj/Air       ####......   38%         5
 Iron Shot                Conj/Erth      #####.....   45%         6
 Iskenderun's Battlesphe  Conj           ###.....     54%         5
 Death Channel            Necr           #####.....   65%         6
 Simulacrum               Ice/Necr       ####......   88%         6
 Freezing Cloud           Conj/Ice/Air   ####......   95%         6
 Ozocubu's Refrigeration  Ice            ###.......   98%         6
 Haunt                    Necr/Summ      ####......   100%        7
 Malign Gateway           Summ/Tloc      ####......   100%        7
 Monstrous Menagerie      Summ           ###.......   100%        7
 Orb of Destruction       Conj           ###.......   100%        7
 Spellforged Servitor     Conj/Summ      ###.......   100%        7
 Summon Greater Demon     Summ           ###.......   100%        7
 Borgnjor's Revivificati  Necr           #####.....   100%        8
 Chain Lightning          Conj/Air       ####......   100%        8
 Ignition                 Fire           ####......   100%        8
 Infestation              Necr           #####.....   100%        8
 Lehudib's Crystal Spear  Conj/Erth      #####.....   100%        8
 Summon Horrible Things   Summ           ###.......   100%        8
 Absolute Zero            Ice            ###.......   100%        9
 Death's Door             Necr           #####.....   100%        9
 Fire Storm               Conj/Fire      ####......   100%        9
 Shatter                  Erth           ######....   100%        9
 Tornado                  Air            ####......   100%        9


Dungeon Overview and Level Annotations

Branches:
Dungeon (15/15)            Temple (0/1) D:7            Lair (6/6) D:10
 Shoals (4/4) Lair:3       Spider (4/4) Lair:3        Slime (0/5) Lair:6
    Orc (2/2) D:11            Elf (3/3) Orc:2        Vaults (5/5) D:13
  Crypt (2/3) Vaults:3     Depths (0/5) D:15          IceCv (visited)

Altars:
Ashenzari
Fedhas
Gozag
Kikubaaqudgha
Makhleb
Ru
Trog
Vehumet
Xom
Zin
The Shining One

Shops:
Orc:2 [:([   Elf:1 [=}=   Vaults:1 !   Vaults:2 (

Annotations:
D:4 3 runed translucent doors, Rennog's ghost, amateur DsFi
Lair:2 exclusion: ice statue
Lair:4 exclusion: 3 oklob plants
Lair:6 exclusion: oklob plant
Elf:3 2 transporters, rgaf's ghost, adept TeCj
Crypt:2 Margery


Innate Abilities, Weirdness & Mutations

You are very small and have problems with some larger weapons.
You are too small for most types of armour.
You have supernaturally acute eyesight. (SInv)
((You cover ground extremely quickly.))
You can translocate small distances at will.
You are clumsy. (Dex -2)
You passively map a small area around you.
You are robust. (+10% HP)


Message History

Your +3 warlock's mirror {reflect} reflects the bolt of fire!
The bolt of fire hits the hell knight.
The hell knight completely resists.
The bolt of fire hits Margery.
Margery resists.
The bolt of fire hits the hell knight.
The hell knight completely resists.
Margery casts a spell at you.
The fireball explodes!
The fireball engulfs the hell knight.
The hell knight completely resists.
The fireball engulfs the hell knight.
The hell knight completely resists.
The fireball engulfs Margery.
Margery resists.
The fireball engulfs you!! You resist.
* * * LOW HITPOINT WARNING * * *
You block the hell knight's attack.
The hell knight casts a spell.
The hell knight blinks!
Unknown command.
Unknown command.
Unknown command.
Unknown command.
Margery points at you and mumbles some strange words.
The bolt of fire hits you!! You resist.
You die...

*,*,*,*,*,,,,,***,,**,
*,,,,,,,....,,,',,,,+,
##++#####...,,,,',,,,+,
##..........,,,,,,,,***,
#....<.....,,,,****,****
#.........#***** *,,,,,
#....p....# *,,*,*
#.....@..#* *,,,,,
#....pp8#* **,*,*
#......### *,,,,
##.......######## *,*,*
##..###V.......# *,,,,
###* #ZV#.#.#.# **,,,
#........# *,,,
#..#.#.#.## *,*,
#..W......## *,,,
##Z#V#.#...##*,*,


You could see Margery and 3 hell knights.

Vanquished Creatures
  Khufu (Crypt:2)
  Mennas (Vaults:2)
  Mara (Vaults:2)
  Boris (twice) (Vaults:2 Vaults:4)
  2 royal mummies (Crypt:2)
  Bai Suzhen (Vaults:4)
  Nikola (Spider:4)
  Arachne (Spider:2)
  Jorgrun (Elf:1)
  3 tentacled monstrosities (Vaults:5)
  A lich (Vaults:5)
  3 titans (Vaults:5)
  3 deep elf blademasters
  2 deep elf master archers (Elf:3)
  Kirke (Elf:1)
  An ancient champion (Crypt:1)
  Frances (D:12)
  2 storm dragons (Vaults:5)
  6 sphinxes
  7 shadow dragons (Vaults:5)
  3 tengu reavers (Vaults:5)
  Roxanne (D:15)
  Donald (Spider:2)
  5 deep elf sorcerers
  An iron dragon (Vaults:5)
  Louise (Elf:2)
  A fire giant (Vaults:5)
  5 frost giants
  6 ghost moths
  6 emperor scorpions
  A caustic shrike zombie (Crypt:1)
  14 ironheart preservers
  10 vault wardens
  Aizul (Vaults:4)
  4 deep elf elementalists (Elf:3)
  2 war gargoyles
  12 stone giants
  10 very ugly things
  A dire elephant (D:15)
  5 deep elf demonologists
  A spark wasp (Spider:3)
  3 entropy weavers
  6 deep elf annihilators
  12 deep elf death magi
  6 merfolk javelineers
  2 ettins (Vaults:5)
  5 merfolk impalers
  A fire dragon (Vaults:3)
  A large abomination (Vaults:4)
  Josephine (D:15)
  10 yaktaur captains
  4 deep elf high priests
  Harold (D:11)
  13 hydras
  Fannar (D:11)
  29 vault guards (Vaults:5)
  Erolcha (D:9)
  3 ice dragons
  A merfolk avatar (Shoals:4)
  9 boulder beetles
  2 catoblepae
  4 death knights
  12 centaur warriors
  11 ogre magi
  32 two-headed ogres
  2 satyrs
  7 merfolk aquamancers
  26 dancing weapons
  7 death yaks
  3 orc high priests (Orc:2)
  Sonja (Lair:2)
  15 deep elf knights
  3 shadow wraiths
  4 skeletal warriors
  9 sea snakes
  5 unseen horrors
  2 flayed ghosts
  7 deep trolls
  An orange crystal statue (Elf:1)
  24 deep elf archers
  2 lindwurms
  15 orc knights
  20 harpies
  4 wizards
  3 necromancers
  16 ironbrand convokers
  4 phantasmal warriors
  11 orb spiders
  9 orc sorcerers
  2 wolf spider zombies
  25 wolf spiders
  15 cyclopes
  18 fauns
  49 ugly things
  12 manticores
  64 deep elf magi
  A cyclops (shapeshifter) (Vaults:2)
  3 moths of wrath
  7 merfolk sirens
  2 ice statues
  4 water nymphs (Shoals:4)
  A guardian serpent (shapeshifter) (Elf:1)
  28 elephants
  13 vault sentinels
  10 black mambas
  A gargoyle (D:14)
  21 cane toads
  4 torpor snails
  2 centaur skeletons (D:14)
  2 cane toads (shapeshifter)
  2 orc skeletons (Vaults:1)
  10 freezing wraiths
  22 wolves
  2 rime drakes
  25 yaktaurs
  2 small abominations
  2 efreet
  8 komodo dragons
  11 demonic crawlers
  A queen bee (shapeshifter) (Vaults:1)
  24 merfolk
  37 jumping spiders
  5 trolls
  4 tyrant leeches (Lair:6)
  17 polar bears
  7 wind drakes
  A hornet (shapeshifter) (Vaults:2)
  11 hornets
  10 snapping turtles
  17 blink frogs
  14 dream sheep
  16 slime creatures
  2 stone giant simulacra (Vaults:1)
  A blink frog (shapeshifter) (Elf:1)
  15 tarantellas
  73 redbacks
  2 vampires
  A yak (shapeshifter) (D:15)
  Sigmund (D:4)
  13 wraiths
  47 yaks
  5 wyverns
  An air elemental (Elf:3)
  4 hogs (Elf:1)
  17 water elementals
  6 basilisks
  3 fire elementals
  A golden eye (shapeshifter) (Vaults:2)
  A steam dragon (shapeshifter) (Elf:2)
  9 vampire mosquitoes
  Edmund (D:6)
  Menkaure (D:4)
  6 wargs
  An ogre skeleton (Vaults:1)
  A soldier ant (shapeshifter) (Vaults:2)
  5 acid dragons
  18 water moccasins
  2 eyes of draining (shapeshifter)
  3 eyes of draining
  9 ice beasts
  27 orc warriors
  3 sky beasts
  7 black bears
  A necrophage (D:10)
  A phantom (D:5)
  28 ogres
  An ettin simulacrum (Vaults:1)
  A boggart (Vaults:1)
  A blink frog skeleton (Crypt:1)
  5 centaurs
  6 big kobolds
  38 bullfrogs
  5 earth elementals
  2 wyvern zombies
  2 scorpions
  A scorpion (shapeshifter) (Vaults:5)
  12 killer bees
  4 human simulacra
  10 wights
  5 electric eels
  5 howler monkeys
  A quasit (D:15)
  7 centaur zombies
  5 jellies
  A bullfrog zombie (D:7)
  8 hounds
  20 orc wizards
  19 orc priests
  Crazy Yiuf (D:5)
  2 bullfrog skeletons
  A gnoll shaman (D:7)
  4 iguanas
  A demonspawn skeleton (Crypt:1)
  Ijyb (D:3)
  A human skeleton (Crypt:1)
  7 worker ants
  9 hell rats (Lair:6)
  A killer bee zombie (D:10)
  A hound zombie (D:10)
  2 hound skeletons
  A mummy (Crypt:2)
  A worker ant zombie (D:8)
  16 adders
  5 gnolls (D:7)
  A howler monkey skeleton (D:9)
  5 white imps
  4 ufetubi
  An ooze (D:1)
  An adder zombie (D:8)
  5 worms
  A dart slug (D:2)
  8 leopard geckos
  55 orcs
  5 ball pythons
  9 bats
  5 giant cockroaches
  12 goblins
  15 hobgoblins
  14 jackals
  5 quokkas
  4 frilled lizards
  A gnoll skeleton (Crypt:1)
  20 kobolds
  A leopard gecko skeleton (D:4)
  A quokka skeleton (D:9)
  6 rats
  2 crawling corpses
1744 creatures vanquished.

Vanquished Creatures (collateral kills)
  2 yaks (IceCv)
  A wolf (IceCv)
3 creatures vanquished.

Vanquished Creatures (others)
  A titan (Vaults:5)
  2 hydras
  A wizard (Vaults:1)
  A wolf spider zombie (D:15)
  A salamander (D:15)
  An ugly thing (D:13)
  A manticore (Shoals:2)
  2 black mambas
  4 cane toads
  2 polar bears
  3 slime creatures
  5 water moccasins
  An ice beast (Lair:2)
  2 wolves (IceCv)
  A jelly (D:14)
  A hobgoblin (D:3)
  53 fungi
  226 plants
308 creatures vanquished.

Grand Total: 2055 creatures vanquished

Notes
Turn   | Place    | Note
-------+----------+-------------------------------------------
     0 | D:1      | dickylongcocking the Spriggan Venom Mage began the quest
                  | for the Orb.
     0 | D:1      | Reached XP level 1. HP: 9/9 MP: 5/5
    62 | D:1      | Reached skill level 2 in Transmutations
   165 | D:1      | Reached XP level 2. HP: 13/13 MP: 0/6
   175 | D:1      | Reached skill level 3 in Transmutations
   609 | D:1      | Reached skill level 4 in Transmutations
   620 | D:1      | Reached XP level 3. HP: 16/16 MP: 0/8
  1827 | D:2      | Reached skill level 5 in Transmutations
  1962 | D:2      | Reached XP level 4. HP: 21/21 MP: 6/9
  2891 | D:3      | Reached skill level 6 in Transmutations
  3071 | D:3      | Noticed Ijyb
  3293 | D:3      | Learned a level 2 spell: Poisonous Vapours
  3844 | D:3      | Reached XP level 5. HP: 24/24 MP: 2/10
  3958 | D:3      | Killed Ijyb
  4949 | D:4      | Noticed Sigmund
  4962 | D:3      | Reached skill level 1 in Fighting
  4962 | D:3      | Reached skill level 1 in Air Magic
  5009 | D:3      | Learned a level 3 spell: Ignite Poison
  5014 | D:4      | Killed Sigmund
  5015 | D:4      | Reached XP level 6. HP: 30/30 MP: 4/12
  5185 | D:4      | Found a runed translucent gate.
  5185 | D:4      | Found a runed translucent gate.
  5185 | D:4      | Found a runed translucent gate.
  5186 | D:4      | Identified the +3 dagger "Jaif" {venom, rElec Int+2 SInv}
  5186 | D:4      | Noticed Rennog's ghost (amateur DsFi)
  5224 | D:4      | Found a blossoming altar of Fedhas.
  5227 | D:4      | Found a radiant altar of Vehumet.
  5229 | D:4      | Found a glowing golden altar of the Shining One.
  5353 | D:4      | Noticed Menkaure
  5424 | D:4      | Learned a level 3 spell: Mephitic Cloud
  5441 | D:4      | HP: 1/30 [Menkaure (21)]
  5779 | D:4      | Reached XP level 7. HP: 24/34 MP: 0/14
  6134 | D:4      | Found a burning altar of Makhleb.
  6134 | D:4      | Found a sacrificial altar of Ru.
  6182 | D:4      | Became a worshipper of Makhleb the Destroyer
  6227 | D:4      | Reached skill level 7 in Transmutations
  6332 | D:4      | Killed Menkaure
  6333 | D:4      | Reached skill level 1 in Fire Magic
  6519 | D:4      | Learned a level 4 spell: Olgreb's Toxic Radiance
  6844 | D:5      | Entered Level 5 of the Dungeon
  7292 | D:5      | Found an opulent altar of Gozag.
  7502 | D:5      | Reached XP level 8. HP: 39/39 MP: 7/15
  7571 | D:5      | Reached skill level 5 in Poison Magic
  7619 | D:5      | Reached skill level 5 in Dodging
  7686 | D:5      | Found a runed translucent door.
  7687 | D:5      | Noticed Crazy Yiuf
  8030 | D:5      | Killed Crazy Yiuf
  8194 | D:6      | Reached * piety under Makhleb
  8202 | D:6      | Noticed Edmund
  8219 | D:6      | Killed Edmund
  8940 | D:7      | Found a staircase to the Ecumenical Temple.
  9289 | D:7      | Found an ancient bone altar of Kikubaaqudgha.
  9490 | D:7      | Reached XP level 9. HP: 42/42 MP: 5/16
 10008 | D:7      | Reached ** piety under Makhleb
 10155 | D:8      | Identified the Incunabulum of Hexes and the Entourage
 10192 | D:8      | Found a glowing silver altar of Zin.
 10243 | D:8      | Reached skill level 5 in Spellcasting
 10670 | D:8      | Learned a level 6 spell: Invisibility
 11005 | D:8      | Reached skill level 1 in Hexes
 11532 | D:9      | Found a broken altar of Ashenzari.
 11628 | D:9      | Found a glowing silver altar of Zin.
 11953 | D:9      | Found a shimmering altar of Xom.
 12203 | D:9      | Noticed Erolcha
 12223 | D:9      | Killed Erolcha
 12439 | D:10     | Entered Level 10 of the Dungeon
 12529 | D:10     | Reached XP level 10. HP: 46/46 MP: 12/20
 13346 | D:10     | Reached *** piety under Makhleb
 13933 | D:10     | Found a staircase to the Lair.
 13937 | D:10     | Reached skill level 10 in Hexes
 14348 | D:11     | Noticed Fannar
 14383 | D:11     | Killed Fannar
 14726 | D:11     | Noticed Harold
 14742 | D:11     | Killed Harold
 14922 | D:11     | Found a staircase to the Orcish Mines.
 14928 | D:11     | Noticed a boulder beetle
 14934 | D:11     | Killed a boulder beetle
 14935 | D:11     | Reached XP level 11. HP: 50/50 MP: 6/21
 15116 | D:11     | Noticed a two-headed ogre
 15121 | D:11     | Killed a two-headed ogre
 15666 | Orc:1    | Entered Level 1 of the Orcish Mines
 15677 | Orc:1    | Found a frozen archway.
 15681 | IceCv    | Entered an ice cave
 15695 | IceCv    | Reached **** piety under Makhleb
 16825 | IceCv    | Reached skill level 15 in Hexes
 16846 | IceCv    | Identified a scroll of acquirement
 17127 | IceCv    | Noticed a death yak
 17134 | IceCv    | Killed a death yak
 17135 | IceCv    | Reached XP level 12. HP: 54/54 MP: 0/25
 17163 | IceCv    | Reached ***** piety under Makhleb
 17431 | IceCv    | Noticed a frost giant
 17431 | IceCv    | Noticed a death yak
 17437 | IceCv    | Killed a death yak
 17439 | IceCv    | Killed a frost giant
 17440 | IceCv    | Reached skill level 10 in Spellcasting
 17454 | IceCv    | Got a faintly glowing ruby amulet
 17465 | IceCv    | Identified the amulet "Huguup" {Inacc Str-5 Int+5} (You
                  | found it in an ice cave)
 17465 | IceCv    | Lost strength.
 18012 | Orc:2    | Entered Level 2 of the Orcish Mines
 18024 | Orc:2    | Noticed a boulder beetle
 18255 | Orc:2    | Killed a boulder beetle
 18855 | Orc:2    | Noticed a two-headed ogre
 18861 | Orc:2    | Killed a two-headed ogre
 19270 | Orc:2    | Found Luxiathuwk's Antique Armour Boutique.
 19272 | Orc:2    | Noticed an orc high priest
 19274 | Orc:2    | Noticed an orc high priest
 19292 | Orc:2    | Killed an orc high priest
 19308 | Orc:2    | Killed an orc high priest
 19873 | Orc:2    | Noticed an orc high priest
 19879 | Orc:2    | Killed an orc high priest
 19880 | Orc:2    | Reached XP level 13. HP: 61/61 MP: 19/30
 20201 | Orc:2    | Found Biudo's Book Emporium.
 20260 | Orc:2    | Found Touzot's Armour Emporium.
 20264 | Orc:2    | Found Daeggaci's Weapon Boutique.
 20299 | Orc:2    | Bought a book of Alchemy for 1050 gold pieces
 20305 | Orc:2    | Learned a level 5 spell: Irradiate
 20312 | Orc:2    | Learned a level 6 spell: Eringya's Noxious Bog
 20419 | Orc:2    | Found a staircase to the Elven Halls.
 20873 | Orc:2    | Bought a glowing robe for 88 gold pieces
 20888 | Orc:2    | Bought an embroidered robe for 88 gold pieces
 20888 | Orc:2    | Bought a runed robe for 88 gold pieces
 20889 | Orc:2    | Acquired the +3 warlock's mirror {reflect}
 20890 | Orc:2    | Found the +3 warlock's mirror {reflect}
 21138 | Lair:1   | Entered Level 1 of the Lair of Beasts
 21259 | Lair:1   | Learned a level 4 spell: Petrify
 21293 | Lair:1   | Reached skill level 8 in Transmutations
 22680 | Lair:2   | Reached skill level 1 in Shields
 22740 | Lair:2   | Noticed Sonja
 22748 | Lair:2   | Killed Sonja
 22749 | Lair:2   | Reached skill level 5 in Fighting
 24473 | Lair:2   | Reached skill level 5 in Shields
 25860 | Lair:3   | Found a hole to the Spider Nest.
 25863 | Lair:3   | Reached skill level 1 in Evocations
 26164 | Lair:3   | Reached ****** piety under Makhleb
 26165 | Lair:3   | Reached XP level 14. HP: 68/68 MP: 0/32
 26364 | Lair:3   | Reached skill level 1 in Short Blades
 26364 | Lair:3   | Reached skill level 10 in Dodging
 26478 | Lair:3   | Reached skill level 5 in Stealth
 27022 | Lair:3   | Found a staircase to the Shoals.
 28349 | Lair:4   | Found the +8 whip "Snakebite" {curare, rPois}
 28988 | Lair:5   | Reached skill level 1 in Maces & Flails
 29956 | Lair:6   | Entered Level 6 of the Lair of Beasts
 30047 | Lair:6   | Reached skill level 9 in Transmutations
 30114 | Lair:5   | Gained mutation: You have a pair of small horns on your
                  | head. [mutagenic glow]
 30643 | Lair:6   | Learned a level 2 spell: Blink
 30741 | Lair:6   | Reached skill level 1 in Translocations
 31300 | Lair:6   | Found a staircase to the Slime Pits.
 31469 | Lair:6   | Reached skill level 10 in Transmutations
 31650 | Lair:6   | Reached skill level 10 in Stealth
 31676 | Lair:6   | Reached XP level 15. HP: 72/72 MP: 3/33
 34606 | D:12     | Noticed Frances
 34620 | D:12     | Killed Frances
 34698 | D:12     | Learned a level 5 spell: Alistair's Intoxication
 34897 | D:13     | Reached skill level 11 in Transmutations
 35884 | D:13     | Found a gate to the Vaults.
 37766 | D:15     | Entered Level 15 of the Dungeon
 37766 | D:15     | Noticed Roxanne
 37852 | D:15     | Killed Roxanne
 37852 | D:15     | Gained mutation: You tend to lose your temper in combat.
                  | [mutagenic glow]
 37993 | D:14     | Lost mutation: You tend to lose your temper in combat.
                  | [potion of mutation]
 37993 | D:14     | Lost mutation: You have a pair of small horns on your head.
                  | [potion of mutation]
 37993 | D:14     | Gained mutation: You have a pair of small horns on your
                  | head. [potion of mutation]
 37993 | D:14     | Gained mutation: You have a beak for a mouth. [potion of
                  | mutation]
 38640 | D:15     | Noticed Josephine
 38652 | D:15     | Killed Josephine
 38963 | D:15     | Learned a level 1 spell: Apportation
 39349 | D:15     | Reached XP level 16. HP: 76/76 MP: 35/35
 39849 | D:15     | Found a staircase to the Depths.
 39994 | D:15     | Reached skill level 5 in Evocations
 40489 | Spider:1 | Entered Level 1 of the Spider Nest
 40774 | Lair:3   | Reached skill level 15 in Dodging
 41264 | Spider:1 | Reached skill level 12 in Transmutations
 41283 | Spider:1 | Reached skill level 15 in Spellcasting
 41293 | Spider:1 | Learned a level 5 spell: Lee's Rapid Deconstruction
 41848 | D:15     | Learned a level 6 spell: Statue Form
 42163 | Spider:1 | Reached skill level 1 in Earth Magic
 42540 | Spider:2 | Noticed Donald
 42821 | Spider:2 | Killed Donald
 42919 | Spider:2 | Noticed Arachne
 42933 | Spider:2 | Killed Arachne
 42934 | Spider:2 | Reached skill level 13 in Transmutations
 43148 | Spider:2 | Got a bloodstained dagger
 43148 | Spider:2 | Identified the +3 dagger "Xuiwk" {pain, +Inv rPois Stlth+}
                  | (You found it on level 2 of the Spider Nest)
 43832 | Spider:3 | Reached skill level 5 in Earth Magic
 44502 | Spider:3 | Reached skill level 14 in Transmutations
 44692 | Spider:4 | Entered Level 4 of the Spider Nest
 44840 | Spider:4 | Reached XP level 17. HP: 80/80 MP: 23/37
 45773 | Spider:4 | Noticed Nikola
 45780 | Spider:4 | Reached skill level 15 in Transmutations
 45788 | Spider:4 | Killed Nikola
 46524 | Spider:4 | Gained mutation: Your spells are a little easier to cast,
                  | but a little less powerful. [mutagenic glow]
 46763 | Spider:4 | Got a gossamer rune of Zot
 46810 | Spider:4 | Reached skill level 16 in Transmutations
 46928 | Spider:4 | Reached skill level 17 in Transmutations
 46928 | Spider:4 | Reached XP level 18. HP: 84/84 MP: 38/38
 46930 | Spider:4 | Lost mutation: You have a pair of small horns on your head.
                  | [potion of mutation]
 46930 | Spider:4 | Gained mutation: You are agile. (Dex +2) [potion of
                  | mutation]
 46930 | Spider:4 | Gained mutation: Your flesh is heat resistant. (rF+)
                  | [potion of mutation]
 46931 | Spider:4 | Lost mutation: You are agile. (Dex +2) [potion of mutation]
 46931 | Spider:4 | Lost mutation: Your spells are a little easier to cast, but
                  | a little less powerful. [potion of mutation]
 46931 | Spider:4 | Lost mutation: Your flesh is heat resistant. (rF+) [potion
                  | of mutation]
 46931 | Spider:4 | Lost mutation: You have a beak for a mouth. [potion of
                  | mutation]
 46931 | Spider:4 | Gained mutation: Your spells are a little harder to cast,
                  | but a little more powerful. [potion of mutation]
 46931 | Spider:4 | Gained mutation: Your spells are harder to cast, but more
                  | powerful. [potion of mutation]
 46931 | Spider:4 | Gained mutation: You are frail. (-10% HP) [potion of
                  | mutation]
 46931 | Spider:4 | Gained mutation: You can translocate small distances at
                  | will. [potion of mutation]
 46932 | Spider:4 | Lost mutation: You are frail. (-10% HP) [potion of
                  | mutation]
 46932 | Spider:4 | Lost mutation: Your spells are harder to cast, but more
                  | powerful. [potion of mutation]
 46932 | Spider:4 | Gained mutation: You tend to lose your temper in combat.
                  | [potion of mutation]
 46932 | Spider:4 | Gained mutation: You are robust. (+10% HP) [potion of
                  | mutation]
 46933 | Spider:4 | Lost mutation: You are robust. (+10% HP) [potion of
                  | mutation]
 46933 | Spider:4 | Lost mutation: You tend to lose your temper in combat.
                  | [potion of mutation]
 46933 | Spider:4 | Lost mutation: Your spells are a little harder to cast, but
                  | a little more powerful. [potion of mutation]
 46933 | Spider:4 | Gained mutation: You are robust. (+10% HP) [potion of
                  | mutation]
 46933 | Spider:4 | Gained mutation: You passively map a small area around you.
                  | [potion of mutation]
 47080 | Shoals:1 | Entered Level 1 of the Shoals
 48831 | Shoals:2 | Reached skill level 18 in Transmutations
 49876 | Shoals:3 | Reached XP level 19. HP: 96/96 MP: 6/39
 49883 | Shoals:3 | Reached skill level 19 in Transmutations
 50320 | Shoals:4 | Entered Level 4 of the Shoals
 50320 | Shoals:4 | Found a broken altar of Ashenzari.
 50486 | Shoals:4 | Got a barnacled rune of Zot
 51140 | Shoals:4 | Reached skill level 20 in Transmutations
 52340 | Elf:1    | Entered Level 1 of the Elven Halls
 52539 | Elf:1    | Reached skill level 21 in Transmutations
 52760 | Elf:1    | Noticed Kirke
 52767 | Elf:1    | Killed Kirke
 53417 | Elf:1    | Reached skill level 22 in Transmutations
 53425 | Elf:1    | Noticed Jorgrun
 53440 | Elf:1    | Killed Jorgrun
 53699 | Elf:1    | Found Lushrai's Antique Armour Boutique.
 53713 | Elf:1    | Bought a glowing scarf for 160 gold pieces
 53958 | Elf:1    | Found Ruproadgh's Jewellery Shoppe.
 53960 | Elf:1    | Found Vunual's Gadget Boutique.
 53961 | Elf:1    | Found Nouhulops's Jewellery Shoppe.
 53973 | Elf:1    | Bought the ring of the Raven {rC+ Int+4} for 808 gold
                  | pieces
 54673 | Elf:2    | Reached skill level 23 in Transmutations
 54742 | Elf:2    | Found a runed translucent gate.
 54742 | Elf:2    | Found a runed translucent gate.
 54752 | Elf:2    | Found a runed translucent gate.
 54785 | Elf:2    | Noticed Louise
 54786 | Elf:2    | Reached XP level 20. HP: 102/102 MP: 18/40
 54796 | Elf:2    | Killed Louise
 55615 | Elf:2    | Reached skill level 24 in Transmutations
 55744 | Elf:3    | Entered Level 3 of the Elven Halls
 56472 | Elf:3    | Noticed rgaf's ghost (adept TeCj)
 56473 | Elf:3    | Found a bloodstained altar of Trog.
 56481 | Elf:3    | Found a transporter.
 56482 | Elf:3    | Identified the +3 rapier of the Enemy {vorpal, rN+}
 56483 | Elf:3    | Identified the +10 longbow of Jamue {vorpal, MP+9}
 56485 | Elf:3    | Identified the +7 quick blade of the Enchanted Forest
                  | {antimagic, rC+}
 56489 | Elf:3    | Found a transporter.
 57253 | Elf:3    | Identified the cursed +0 halberd of Terror {protect, rN+
                  | Int+3}
 57256 | Elf:3    | Reached skill level 25 in Transmutations
 57334 | Elf:3    | Identified the +11 hand axe of Irritation {vorpal, rF+
                  | Str-4 Stlth+}
 57527 | Elf:3    | Found the +8 demon trident "Rift" {distort, reach+}
 57554 | Elf:3    | Identified the Almanac of Flight and Curses
 57556 | Elf:3    | Identified the Collected Works on Dark Rites
 57580 | Elf:3    | Identified the Papyrus of Snow and Intoxication
 57590 | Elf:3    | Identified the ring of Rashrul {+Blink rElec rN+ Dex-2
                  | Stlth+} (You found it on level 3 of the Elven Halls)
 57898 | Vaults:1 | Entered Level 1 of the Vaults
 58154 | Vaults:1 | Found Cahol's Distillery.
 58339 | Vaults:1 | Bought a potion of heal wounds for 75 gold pieces
 58339 | Vaults:1 | Bought a potion of heal wounds for 75 gold pieces
 59770 | Vaults:1 | Reached XP level 21. HP: 111/111 MP: 31/41
 59893 | Vaults:2 | Noticed Boris
 59898 | Vaults:2 | Reached skill level 26 in Transmutations
 59943 | Vaults:2 | Killed Boris
 61783 | Vaults:2 | Noticed Mennas
 61809 | Vaults:2 | Killed Mennas
 62076 | Vaults:2 | Noticed Mara
 62082 | Vaults:2 | Noticed dickylongcocking's illusion
 62093 | Vaults:2 | Killed Mara
 62094 | Vaults:2 | Reached skill level 10 in Fighting
 62105 | Vaults:2 | Reached skill level 27 in Transmutations
 62483 | Vaults:2 | Found Fosuohak's Antique Weapon Shoppe.
 62944 | Vaults:3 | You fall into a shaft and drop 1 floor!
 62945 | Vaults:4 | Noticed Aizul
 62963 | Vaults:4 | Killed Aizul
 63108 | Vaults:4 | Noticed Boris
 63123 | Vaults:4 | Killed Boris
 63439 | Vaults:4 | Reached XP level 22. HP: 126/126 MP: 17/42
 63760 | Vaults:4 | Noticed Bai Suzhen
 63787 | Vaults:4 | Killed Bai Suzhen
 63788 | Vaults:4 | Reached skill level 5 in Maces & Flails
 64961 | Vaults:5 | Entered Level 5 of the Vaults
 65277 | Vaults:5 | Reached XP level 23. HP: 135/135 MP: 4/43
 66275 | Vaults:5 | Reached skill level 10 in Maces & Flails
 67144 | Vaults:5 | Got a silver rune of Zot
 67472 | Vaults:5 | Learned a level 8 spell: Necromutation
 67883 | Vaults:3 | Found a staircase to the Crypt.
 67923 | Vaults:3 | Reached skill level 1 in Necromancy
 68340 | Crypt:1  | Entered Level 1 of the Crypt
 68420 | Crypt:1  | Reached skill level 15 in Fighting
 68466 | Crypt:1  | You fall into a shaft and drop 1 floor!
 68467 | Crypt:2  | Noticed Khufu
 68467 | Crypt:2  | Noticed a royal mummy
 68467 | Crypt:2  | Noticed a royal mummy
 68476 | Crypt:2  | Killed Khufu
 68477 | Crypt:2  | Killed a royal mummy
 68480 | Crypt:2  | Killed a royal mummy
 68485 | Crypt:2  | Gained mutation: You are clumsy. (Dex -2) [mutagenic glow]
 68492 | Crypt:2  | Noticed Margery
 68495 | Crypt:2  | Killed from afar by Margery

Illustrated notes

Levels and vault maps discovered:
D:1:      minmay_arrival_wavy_path, layout_loops_cross, hangedman_decor_growths
D:2:      minmay_chambers_of_twos, layout_basic
D:3:      cheibrodos_greedy_goblins, layout_basic, uniq_ijyb
D:4:      layout_basic, minitemple, gammafunk_temple_overflow_statue,
          gammafunk_ghost_nasty_kobolds, kennysheep_potato, uniq_menkaure,
          uniq_sigmund
D:5:      layout_rooms, kb_lookout_dungeons_type, grunt_gozag_breadcrumbs,
          uniq_crazy_yiuf_cottage
D:6:      layout_cave_pools, uniq_edmund
D:7:      layout_cave_pools, nicolae_overflow_crystal_walls, temple_statues
D:8:      layout_basic, lemuel_doored_altar
D:9:      layout_small_grid, cheibrodos_ashenzari_chains,
          nicolae_overflow_hidden_temple, basic_altar, uniq_erolcha
D:10:     layout_roguey, grunt_lair_entry_orc_guard_hut
D:11:     layout_stronghold, orc_0_dummy, uniq_harold, uniq_fannar
D:12:     layout_roguey, hangedman_ranch [blue_anna_fruit_fields], uniq_frances
D:13:     layout_rooms, david_vaults_1
D:14:     layout_cave_pods, minmay_tree_intersection, drop_trap
D:15:     hangedman_depths_entry_try_elsewhere_first, layout_loops_ring,
          uniq_roxanne, uniq_josephine
Lair:1:   layout_hall_layers
Lair:2:   cheibrodos_lair_overgrown_chateau, layout_regular_city, ice2_lemuel,
          uniq_sonja
Lair:3:   layout_long_grid, elwin_shoals_entry_stream, spider_nest_entry_webs
Lair:4:   minmay_guarded_unrand_snakebite, layout_small_grid, disabler_island,
          grunt_megastairs_4, lemuel_fruit_tree
Lair:5:   layout_hall_layers, chequers_serial_rivers_small_b
Lair:6:   minmay_lair_end_frog_pond, layout_regular_city,
          minmay_slime_entry_pillars, minmay_lair_oklob_chamber
Shoals:1: layout_shoals, nicolae_shoals_water_elemental_grotto
Shoals:2: layout_shoals
Shoals:3: layout_shoals
Shoals:4: shoals_end_simple, layout_shoals, abandoned_shop,
          lemuel_altar_in_water
Spider:1: layout_spider_delve
Spider:2: nicolae_spider_mines_3, nicolae_spider_cling_halls, uniq_donald,
          uniq_arachne
Spider:3: layout_spider_delve, drop_trap
Spider:4: grunt_spider_rune_circles, drop_trap, hangedman_spider_mandibles,
          nicolae_spider_cling_ruins, uniq_nikola
Orc:1:    layout_diamond_mine, portal_ice_cave_entry_pillars_1
Orc:2:    st_orc_elflike, layout_caves, rock_pile
Elf:1:    eino_elf_arrival_shootout, layout_loops_corners, serial_shops, shop,
          hangedman_elf_represent, minivault_16, minmay_shop_grove, uniq_kirke,
          uniq_jorgrun
Elf:2:    layout_geoelf_octagon, serial_sigils_hangedman_scratch, uniq_louise
Elf:3:    elf_hall_gauntlet_narrow, layout_geoelf_castle,
          gammafunk_ghost_wrathful_warriors
Vaults:1: vaults_dpeg_spiral, ontoclasm_vaults_ligature,
          nicolae_vaults_asterisk, v_alt_pattern_6, st_squares,
          ontoclasm_vaults_ring_square, nicolae_vaults_network_star,
          vaults_room_large_hall, nicolae_vaults_asterisk, v_misc_9,
          nicolae_vaults_specimen_jars, nicolae_vaults_rhombus_6,
          layout_vaults_omnibox, serial_shops, nicolae_shop_waterfront
Vaults:2: vaults_room_boxed, vaults_dpeg_hooks, v_misc_3,
          nicolae_vaults_network_square, nicolae_vaults_windows_and_doors_thing,
          vaults_standard_mumra_enter_the_diamond, st_spiral_rooms,
          hangedman_vaults_stitches, ontoclasm_vaults_tryst,
          ontoclasm_vaults_fault, vaults_room_pool, vaults_room_hallway,
          layout_vaults_big_cross, serial_shops, nicolae_shop_window_shopping,
          uniq_boris, uniq_mennas, uniq_mara
Vaults:3: minmay_crypt_entry_simple_round, ontoclasm_vaults_idyll,
          nicolae_vaults_what_the_h, hangedman_vaults_cutoff,
          nicolae_vaults_yaktaur_gun_rack, vaults_room_grid,
          layout_vaults_big_room
Vaults:4: hangedman_vaults_slither, v_misc_15, nicolae_vaults_murderbox,
          vaults_dpeg_cross, hangedman_vaults_slice, vaults_room_pool,
          layout_vaults_omnigrid, uniq_aizul, uniq_bai_suzhen
Vaults:5
Crypt:1:  layout_gridlike
Crypt:2:  layout_gridlike, serial_glass, glass_columns_b, glass_columns_a,
          glass_columns_a, glass_columns_c, glass_columns_c, glass_columns_c,
          glass_columns_b, glass_columns_b, glass_columns_b, glass_columns_b,
          uniq_margery, uniq_khufu

Skill      XL: |  1  2  3  4  5  6  7  8  9 10 11 12 13 14 15 16 17 18 19 20 21 22 23 |
---------------+----------------------------------------------------------------------+-----
Transmutations | 2 4 5 6 7 8 10 11 14 17 18 23 25 27 | 27.0
Spellcasting   | 3 4 6 8 12 13 14 15 | 15.0
Fighting       | 1 2 4 5 7 11 13 15 | 15.2
Air Magic      | 1 2 |  2.4
Fire Magic     | 1 |  1.5
Poison Magic   | 4 7 8 |  8.5
Dodging        | 4 8 9 12 14 15 | 15.0
Hexes          | 7 13 15 16 | 16.5
Shields        | 7 |  7.2
Evocations     | 1 4 6 |  6.5
Stealth        | 10 12 | 12.0
Short Blades   | 3 |  3.8
Maces & Flails | 3 4 8 10 | 10.9
Translocations | 2 3 |  3.0
Earth Magic    | 6 8 9 |  9.5
Necromancy     | 3 |  3.4

Action                   |  1- 3 |  4- 6 |  7- 9 | 10-12 | 13-15 | 16-18 | 19-21 | 22-24 || total
-------------------------+-------+-------+-------+-------+-------+-------+-------+-------++-------
Melee: Unarmed           |    11 |     2 |       |       |       |       |       |       ||    13
       Dagger            |       |    18 |    80 |   139 |   116 |       |       |       ||   353
       Quarterstaff      |       |       |    21 |       |       |       |       |       ||    21
       Whip              |       |       |       |       |   297 |   431 |   204 |     8 ||   940
       Headbutt          |       |       |       |       |    46 |    54 |       |       ||   100
       Peck              |       |       |       |       |     6 |    54 |       |       ||    60
       Quick blade       |       |       |       |       |       |       |   476 |       ||   476
       Sacred scourge    |       |       |       |       |       |       |   113 |   558 ||   671
 Cast: Sting             |    84 |    86 |    43 |    18 |    65 |    12 |     3 |     5 ||   316
       Poisonous Vapours |       |    37 |    25 |     3 |     3 |       |       |       ||    68
       Ignite Poison     |       |     3 |    57 |    89 |   281 |   182 |   235 |    75 ||   922
       Mephitic Cloud    |       |     1 |     8 |    11 |    12 |       |       |       ||    32
       Olgreb's Toxic Ra |       |       |    29 |    92 |   201 |   157 |   208 |    89 ||   776
       Invisibility      |       |       |       |     4 |    12 |     5 |     8 |       ||    29
       Eringya's Noxious |       |       |       |       |    56 |     6 |     7 |     5 ||    74
       Petrify           |       |       |       |       |     8 |       |       |       ||     8
       Irradiate         |       |       |       |       |     9 |    14 |    26 |    15 ||    64
       Statue Form       |       |       |       |       |       |    49 |    96 |    31 ||   176
       Blink             |       |       |       |       |       |     2 |       |       ||     2
       Alistair's Intoxi |       |       |       |       |       |     1 |     2 |     1 ||     4
       Lee's Rapid Decon |       |       |       |       |       |       |     6 |     4 ||    10
 Abil: End Transformatio |       |       |       |       |       |       |     1 |       ||     1
Evoke: Wand              |       |     1 |     2 |    13 |    21 |     4 |       |       ||    41
       Lightning rod     |       |       |       |       |     7 |       |    10 |       ||    17
       Phantom mirror    |       |       |       |       |     1 |     1 |     2 |     1 ||     5
       Condenser vane    |       |       |       |       |       |       |     1 |     1 ||     2
  Use: Potion            |     3 |     4 |       |     1 |     9 |     5 |    10 |    10 ||    42
       Scroll            |       |       |     4 |    15 |    19 |     5 |    20 |    11 ||    74
 Stab: Sleeping          |       |     1 |     2 |       |    19 |     3 |    22 |     5 ||    52
       Distracted        |       |       |       |     1 |     1 |       |     1 |       ||     3
       Petrified         |       |       |       |       |    14 |       |       |       ||    14
       Invisible         |       |       |       |       |    12 |     8 |    11 |       ||    31
       Paralysed         |       |       |       |       |       |     4 |       |       ||     4
Armor: Robe              |     7 |     6 |     5 |    15 |    32 |     7 |       |     2 ||    74
       Animal skin       |       |       |       |     7 |     1 |       |       |       ||     8
       Skin              |       |       |       |       |     4 |   270 |   286 |   329 ||   889
Dodge: Dodged            |    44 |    60 |   191 |   264 |   516 |  1378 |  1215 |   995 ||  4663
Block: Buckler           |       |       |       |       |   350 |   707 |   676 |   543 ||  2276
       Reflection        |       |       |       |       |    13 |    12 |    94 |    60 ||   179

Table legend: (Time is in decaauts)
 A = Elapsed time spent in this place.
 B = Non-inter-level travel time spent in this place.
 C = Inter-level travel time spent in this place.
 D = Time resting spent in this place.
 E = Time spent auto-exploring this place.
 F = Levels seen in this place.
 G = Mean time per level.
                   A        B        C        D        E       F      G
               +--------+--------+--------+--------+--------+-----+--------+
         Total |  62050 |  59382 |   2668 |  11897 |  36352 |  42 | 1477.4 |
       Dungeon |  19324 |  18372 |    952 |   4934 |  10993 |  15 | 1288.3 |
          Lair |  10710 |  10322 |    388 |   2146 |   6613 |   6 | 1785.0 |
        Shoals |   5649 |   5488 |    161 |    212 |   4133 |   4 | 1412.2 |
   Spider Nest |   5618 |   5439 |    179 |   1221 |   3106 |   4 | 1404.5 |
  Orcish Mines |   3010 |   2764 |    246 |    692 |   1658 |   2 | 1505.0 |
   Elven Halls |   5413 |   5137 |    276 |    771 |   3112 |   3 | 1804.3 |
        Vaults |  10282 |   9819 |    463 |    624 |   6501 |   5 | 2056.4 |
         Crypt |    159 |    159 |      0 |      0 |     40 |   2 |   79.5 |
      Ice Cave |   1881 |   1881 |      0 |   1293 |    192 |   1 | 1881.0 |
               +--------+--------+--------+--------+--------+-----+--------+

Top non-repeatable levels by time:
Vaults:2: 2597 daAuts
  Lair:6: 2420 daAuts
Vaults:4: 2317 daAuts
   Orc:2: 2291 daAuts
Vaults:5: 2275 daAuts
  Lair:2: 2208 daAuts
Vaults:1: 2102 daAuts
Spider:4: 2057 daAuts
Shoals:4: 2055 daAuts
    D:15: 1917 daAuts
   Elf:2: 1906 daAuts
    D:14: 1900 daAuts
   IceCv: 1881 daAuts
  Lair:1: 1852 daAuts
     D:3: 1851 daAuts
